 Dungeon Crawl Stone Soup version 0.28-b1-25-g9875b3fc8c (webtiles) character file.

Game seed: 3692578503471045850

296 LLlMATKO the Skirmisher (level 6, 0/84 HPs)
             Began as a Minotaur Berserker on Feb 6, 2022.
             Was a Believer of Trog.
             Succumbed to Sigmund's poison
             ... on level 4 of the Dungeon.
             The game lasted 00:05:30 (4381 turns).

LLlMATKO the Skirmisher (Minotaur Berserker)        Turns: 4381, Time: 00:05:31

Health: 0/84       AC: 13    Str: 23    XL:     6   Next: 12%
Magic:  5/5        EV:  7    Int:  4    God:    Trog [**....]
Gold:   81         SH:  0    Dex: 10    Spells: 5/5 levels left

rFire   . . .      SeeInvis .   a - +0 hand axe
rCold   . . .      Faith    .   (no shield)
rNeg    . . .      Spirit   .   e - +0 plate armour
rPois   .          Reflect  .   (helmet restricted)
rElec   .          Harm     .   (no cloak)
rCorr   .          Rampage  .   (no gloves)
Will    .....                   k - +0 pair of boots
Stlth   ..........              (no amulet)
HPRegen 0.24/turn               (no ring)
MPRegen 0.09/turn               (no ring)

@: berserking, lethally poisoned (0 -> -34), very quick
A: horns 2, retaliatory headbutt
a: Renounce Religion, Berserk, Trog's Hand


You were on level 4 of the Dungeon.
You worshipped Trog.
Trog was pleased with you.
You visited 1 branch of the dungeon, and saw 4 of its levels.
You also visited: Sewer.

You collected 81 gold pieces.

Inventory:

Hand Weapons
 a - a +0 hand axe (weapon)
Missiles
 u - 3 poisoned darts (quivered)
Armour
 e - a +0 plate armour (worn)
 k - a +0 pair of boots (worn)
Scrolls
 b - 3 scrolls of blinking
 d - 2 scrolls of fog
 f - a scroll of silence {unknown}
 i - a scroll of identify
 j - a scroll of enchant armour {unknown}
 m - a scroll of brand weapon {unknown}
 n - a scroll of immolation {unknown}
 o - a scroll of fear {unknown}
 p - a scroll of vulnerability {unknown}
 s - a scroll of noise {unknown}
Potions
 c - 8 potions of curing
 g - 3 potions of attraction
 h - a potion of berserk rage {unknown}
 l - a potion of ambrosia {unknown}
 q - a potion of mutation {unknown}
 r - a potion of degeneration {unknown}
 t - a potion of heal wounds {unknown}


   Skills:
 + Level 5.2 Fighting
 + Level 5.2 Axes
 + Level 4.3 Armour
 + Level 3.9 Dodging


You had 5 spell levels left.
You didn't know any spells.
Your spell library was empty.

Dungeon Overview and Level Annotations

Branches:
Dungeon (4/15)              Sewer (visited)
 Temple: D:4-7

Altars:

Annotations:
D:4 Sigmund


Innate Abilities, Weirdness & Mutations

You have a pair of horns on your head.
You reflexively headbutt those who attack you in melee.


Message History

Deactivating autopickup; reactivate with Ctrl-A.
No target in view!
No target in view!
There is a strange disturbance nearby!
No target in view!
No target in view!
You swing at nothing.
Something tries to affect you, but you resist.
You swing at nothing.
You swing at nothing.
You swing at nothing.
Something hits you but does no damage.
You are poisoned.
You swing at nothing.
You feel very sick. Something hits you.
You are more poisoned.
You swing at nothing.
You feel very sick.
You feel very sick.
You hear some strange, mumbled words.
A magic dart appears from out of thin air!
The magic dart hits you.
You barely miss something.
You feel sick. Something hits you but does no damage.
You are more poisoned.
You slash something!
You feel very sick. Something hits you!
You are lethally poisoned!
You closely miss something.
You feel extremely sick. Something hits you!
* * * LOW HITPOINT WARNING * * *
You are more poisoned.
A red film seems to cover your vision as you go berserk!
You feel yourself moving faster!
You feel mighty!
* * * LOW HITPOINT WARNING * * *
You feel extremely sick.
You hit something.
You die...

***** #.......# ####.....#..
*,,,* #.#####.# #.......)...
***,,,**#.#####.#####.##...).[..
*,,,,,,.#..........##.##...#....
*,,,,,,....####.##.##.##<)......
*,,,,,,,#.......##.##.###..#....
***,,,**#.............###..##...
*,,,,,* #######.##.##...........
*,***** #@##.##.#######... *,*
********#{##.##.# #... *,*
*,,,,,,,#....)..# #... *,*
*,,,,,,,#.......#*****#... *,*
*,,,,,,,#.##.##.#*,,,,,,,, *,*
*,...............,,,,,,,,, *,**
*,......#.#..##.#*,,,,,,,, *,,*
*,......#.#..##.#*****,,,, **,*
*,.....,#..,...,* **>***


There were no monsters in sight!

Vanquished Creatures
  An ogre (D:4)
  A jelly (D:3)
  7 adders
  2 river rats (Sewer)
  2 dart slugs
  10 orcs (D:3)
  4 endoplasms
  4 giant cockroaches
  8 goblins
  8 hobgoblins
  5 jackals
  2 quokkas
  9 ball pythons
  8 bats
  8 frilled lizards
  5 kobolds
  9 rats
93 creatures vanquished.

Notes
Turn   | Place    | Note
-------+----------+-------------------------------------------
     0 | D:1      | LLlMATKO the Minotaur Berserker began the quest for the
                  | Orb.
     0 | D:1      | Reached XP level 1. HP: 19/19 MP: 0/0
   233 | D:1      | Found a faded altar of an unknown god.
   391 | D:1      | Reached XP level 2. HP: 21/27 MP: 1/1
  1369 | D:2      | Reached XP level 3. HP: 32/33 MP: 2/2
  1609 | D:2      | Reached ** piety under Trog
  2222 | D:3      | Reached XP level 4. HP: 41/41 MP: 3/3
  3120 | D:3      | Reached XP level 5. HP: 47/47 MP: 4/4
  3332 | D:4      | Noticed an ogre
  3342 | D:4      | Killed an ogre
  3343 | D:4      | Reached skill level 5 in Fighting
  3343 | D:4      | Reached skill level 5 in Axes
  3539 | D:4      | Found a glowing drain.
  3544 | Sewer    | Entered a sewer
  3603 | Sewer    | Reached XP level 6. HP: 42/56 MP: 5/5
  4364 | D:4      | Noticed Sigmund
  4381 | D:4      | Succumbed to Sigmund's poison

Illustrated notes

Levels and vault maps discovered:
D:1:      minmay_arrival_plants_in_alcoves, layout_basic,
          hellmonk_ecumenical_altar_leap_of_faith
D:2:      layout_loops_corners
D:3:      minmay_general_purpose_star, layout_basic, minmay_distorted
D:4:      layout_loops_cross, portal_sewer_entry_e, kennysheep_big_empty_room,
          kennysheep_pointless_box, uniq_sigmund

Skill      XL: |  1  2  3  4  5 |
---------------+----------------+-----
Fighting       | 4 5 |  5.2
Axes           | 4 5 |  5.2
Armour         | 3 4 |  4.3
Dodging        | 3 |  3.9

Action                   |  1- 3 |  4- 6 || total
-------------------------+-------+-------++-------
Melee: Hand axe          |   104 |   111 ||   215
       Headbutt          |     9 |    12 ||    21
       Punch             |     1 |     1 ||     2
Throw: Dart              |       |     3 ||     3
Invok: Berserk           |     2 |     3 ||     5
  Use: Potion            |       |     1 ||     1
       Scroll            |       |     4 ||     4
Armor: Animal skin       |    11 |       ||    11
       Chain mail        |    23 |    29 ||    52
       Plate armour      |       |    37 ||    37
Dodge: Dodged            |    78 |    43 ||   121
